 Dungeon Crawl Stone Soup version 0.18.1-8-gdd0e5ea (webtiles) character file.

132 Stormphoenix the Cudgeler (level 4, -5/35 HPs)
             Began as a Demonspawn Abyssal Knight on June 12, 2016.
             Was a Priest of Lugonu.
             Slain by a gnoll
             ... wielding a +0 flail
              (10 damage)
             ... on level 2 of the Dungeon.
             The game lasted 00:03:05 (1780 turns).

Stormphoenix the Cudgeler (DsAK)                    Turns: 1780, Time: 00:03:05

Health: -5/35      AC:  4    Str: 13    XL:     4   Next: 92%
Magic:  5/5        EV: 11    Int: 13    God:    Lugonu [***...]
Gold:   37         SH:  0    Dex: 15    Spells: 0 memorised, 3 levels left

rFire  . . .     SeeInvis .     a - +1 mace
rCold  . . .     Gourm    .     b - +0 leather armour
rNeg   . . .     Faith    .     (no shield)
rPois  .         Spirit   .     e - +0 helmet
rElec  .         Dismiss  .     (no cloak)
rCorr  .         Reflect  .     (no gloves)
SustAt .         Harm     .     (no boots)
MR     .....                    (no amulet)
Stlth  ++........               (no ring)
                                (no ring)

@: not resistant to hostile enchantments, unstealthy
A: thin skeletal structure 1, demonic guardian 1
a: Depart the Abyss, Bend Space, Banish, Renounce Religion


You were on level 2 of the Dungeon.
You worshipped Lugonu.
Lugonu was most pleased with you.
You were not hungry.

You visited 1 branch of the dungeon, and saw 3 of its levels.
You visited the Abyss 1 time.

You collected 37 gold pieces.

Inventory:

Hand Weapons
 a - a +1 mace (weapon)
Armour
 b - a +0 leather armour (worn)
 e - a +0 helmet (worn)
Scrolls
 g - a scroll of fog {unknown}
 j - a scroll of identify {unknown}
Potions
 k - a potion of ambrosia {unknown}
Comestibles
 c - 2 bread rations
 f - a meat ration
 h - 2 beef jerkies


   Skills:
 - Level 3.0 Fighting
 + Level 4.7 Maces & Flails
 - Level 1.7 Armour
 - Level 0.8 Dodging
 - Level 2.4 Invocations


You had 3 spell levels left.
You didn't know any spells.

Dungeon Overview and Level Annotations

Branches:
Dungeon (3/15)

Altars:
Dithmenos
Nemelex Xobeh
Qazlal
Sif Muna
Xom


Innate Abilities, Weirdness & Mutations

You have a somewhat thin skeletal structure (Dex +2, Stealth).
A weak demonic guardian rushes to your aid.


Message History

The orc hits your crimson imp with a falchion!
The orc barely misses your crimson imp.
The gnoll hits you from afar with a spear.
Your crimson imp blinks!
You climb upwards.
There is a stone staircase leading down here.
You closely miss the gnoll. The gnoll barely misses you.
You closely miss the gnoll. The gnoll misses you.
You hit the gnoll but do no damage. The gnoll misses you.
You hit the gnoll.
The gnoll is moderately wounded.
The gnoll hits you with a flail.
You hit the gnoll.
The gnoll is heavily wounded.
The gnoll hits you with a flail.
* * * LOW HITPOINT WARNING * * *
You hit the gnoll.
The gnoll is almost dead.
The gnoll hits you with a flail!
You die...

###### ######### ##....#
#.......####### ##.##†#
##.###........#
P#..#.############.###........#
.#..............@#(...........#
.#.##.####.##.#..g....§§§.....#
.#....# #.##.#....###§§§.....#
P#..#.# #....#<##.#..........#
.#....# #....#.##.#.#........#
##..#.#####.....##.#.#........#
##..#.#....##.####.. ##########
P#.<#.#.##.......#.#
.#..#...##.#..##.###


You could see a gnoll.

Vanquished Creatures
  An adder (D:2)
  An ooze (D:1)
  3 dart slugs
  3 giant geckos
  4 ball pythons
  5 giant cockroaches
  7 goblins
  5 hobgoblins
  4 jackals (D:1)
  2 kobolds
  A quokka (D:2)
  10 bats
  2 giant newts
  6 rats
54 creatures vanquished.

Vanquished Creatures (collateral kills)
  Natasha (twice) (D:2)
  A hobgoblin (D:2)
  A kobold (D:2)
4 creatures vanquished.

Grand Total: 58 creatures vanquished

Notes
Turn   | Place    | Note
--------------------------------------------------------------
     0 | Abyss:1  | Stormphoenix the Demonspawn Abyssal Knight began the quest for the Orb.
     0 | Abyss:1  | Reached XP level 1. HP: 18/18 MP: 2/2
    16 | D:1      | Escaped the Abyss
    65 | D:1      | Reached skill level 2 in Maces & Flails
   133 | D:1      | Gained mutation: A weak demonic guardian rushes to your aid. [demonic ancestry]
   133 | D:1      | Reached XP level 2. HP: 24/24 MP: 3/3
   498 | D:1      | Reached ** piety under Lugonu
   498 | D:1      | Reached skill level 3 in Maces & Flails
   524 | D:1      | Gained mutation: You have a somewhat thin skeletal structure (Dex +2, Stealth). [demonic ancestry]
   524 | D:1      | Reached XP level 3. HP: 28/29 MP: 4/4
  1182 | D:2      | Found a shadowy altar of Dithmenos.
  1260 | D:2      | Found a stormy altar of Qazlal.
  1388 | D:2      | Found a deep blue altar of Sif Muna.
  1389 | D:2      | Found a shimmering altar of Xom.
  1389 | D:2      | Found a sparkling altar of Nemelex Xobeh.
  1422 | D:2      | Reached XP level 4. HP: 27/35 MP: 5/5
  1437 | D:2      | Noticed Natasha
  1442 | D:2      | Reached skill level 4 in Maces & Flails
  1445 | D:2      | Reached *** piety under Lugonu
  1452 | D:2      | Killed Natasha
  1751 | D:2      | Noticed Natasha
  1755 | D:2      | Killed Natasha
  1780 | D:2      | Slain by a gnoll

Skill      XL: |  1  2  3  4 |
---------------+-------------+-----
Maces & Flails | 2 3 4 |  4.7
Fighting       | |  3.0
Armour         | |  1.7
Dodging        | |  0.8
Invocations    | |  2.4

Action                   |  1- 3 |  4- 6 || total
-------------------------+-------+-------++-------
Melee: Mace              |   133 |    32 ||   165
  Use: Scroll            |     2 |       ||     2
       Potion            |     1 |     1 ||     2
 Stab: Sleeping          |     3 |       ||     3
       Distracted        |       |     1 ||     1
  Eat: Chunk             |     2 |     1 ||     3
Armor: Leather armour    |    45 |    11 ||    56
Dodge: Dodged            |   106 |    22 ||   128
